ESL (28 & UNDER)
READING RAINBOWS @ WILMINGTON REBELS
08/22/2029
 
TOP OF THE 1ST
Reading Rainbows batting - Pitching for Wilmington Rebels : LHP Martín Marino
Pitching: LHP Martín Marino
Batting: SHB Travis Martin 0-0: Ball
1-0: Ball
2-0: Called Strike
2-1: Foul Ball, location: 2F
2-2: Foul Ball, location: 2F
2-2: Ground out 6-3 (Groundball, 56)
Batting: LHB Ramón Morán 0-0: Called Strike
0-1: Foul Ball, location: 2F
0-2: Strikes out swinging
Batting: RHB Germán Romero 0-0: Ball
1-0: Foul Ball, location: 2F
1-1: Ball
2-1: Foul Ball, location: 2F
2-2: Strikes out looking
Top of the 1st over - 0 runs, 0 hits, 0 errors, 0 left on base; Reading 0 - Wilmington 0
BOTTOM OF THE 1ST
Wilmington Rebels batting - Pitching for Reading Rainbows : RHP Matt Barlow
Pitching: RHP Matt Barlow
Batting: RHB Mitchell Pate 0-0: Ball
1-0: Ball
2-0: Foul Ball, location: 2F
2-1: SINGLE (Groundball, 6MD)
Batting: LHB Guillermo Santos 0-0: Called Strike
0-1: Foul Ball, location: 2F
0-2: Ball
1-2: Fly out, F8 (Flyball, 8LM)
Batting: LHB Marv Gardner 0-0: Fielders Choice at 2nd, 3-6 (Groundball, 3)
Pitching: RHP Coy Torres
Batting: LHB Juan Vásquez 0-0: Ball
1-0: Called Strike
1-1: SINGLE (Flyball, 8RS)
Marv Gardner to second
Runner from 2nd tries for 3rd, SAFE, no throw
Batting: RHB Sergio Moreno 0-0: Ball
1-0: Ball
2-0: Ball
3-0: Foul Ball, location: 2F
3-1: Base on Balls
Juan Vásquez to second
Batting: RHB Marlon Hernández 0-0: Ball
1-0: Swinging Strike
1-1: Called Strike
1-2: Ball
2-2: Foul Ball, location: 2F
2-2: Strikes out looking
Bottom of the 1st over - 0 runs, 2 hits, 0 errors, 3 left on base; Reading 0 - Wilmington 0
TOP OF THE 2ND
Reading Rainbows batting - Pitching for Wilmington Rebels : LHP Martín Marino
Batting: RHB Ethan Moore 0-0: Called Strike
0-1: Called Strike
0-2: Foul Ball, location: 2F
0-2: Strikes out looking
Batting: RHB Richard Case 0-0: SOLO HOME RUN (Flyball, 7D), Distance : 392 ft
Batting: RHB Edmund Swanson 0-0: Called Strike
0-1: Ground out 6-3 (Groundball, 6)
Batting: LHB Ryan Flynn 0-0: TRIPLE (Flyball, 9LD)
Batting: RHB José Moreno 0-0: Ball
1-0: Fly out, F9 (Flyball, 89D)
Top of the 2nd over - 1 run, 2 hits, 0 errors, 1 left on base; Reading 1 - Wilmington 0
BOTTOM OF THE 2ND
Wilmington Rebels batting - Pitching for Reading Rainbows : RHP Coy Torres
Batting: LHB Ivan Costello 0-0: Ball
1-0: Foul Ball, location: 2F
1-1: Called Strike
1-2: Ball
2-2: Foul Ball, location: 2F
2-2: Foul Ball, location: 2F
2-2: Ball
3-2: Ground out 4-3 (Groundball, 4)
Batting: RHB Pedro Sandoval 0-0: Ball
1-0: Foul Ball, location: 2F
1-1: Ground out 1-3 (Groundball, 13S)
Batting: RHB León Gómez 0-0: Ground out 5-3 (Groundball, 5L)
Bottom of the 2nd over - 0 runs, 0 hits, 0 errors, 0 left on base; Reading 1 - Wilmington 0
TOP OF THE 3RD
Reading Rainbows batting - Pitching for Wilmington Rebels : LHP Martín Marino
Batting: LHB Dennis McConnell 0-0: Ball
1-0: Ball
2-0: Foul Ball, location: 2F
2-1: Fly out, F9 (Flyball, 9LM)
Batting: SHB Travis Martin 0-0: Called Strike
0-1: Called Strike
0-2: Ball
1-2: SINGLE (Groundball, 6) (infield hit)
Batting: LHB Ramón Morán 0-0: Called Strike
0-1: Swinging Strike
0-2: Grounds into double play, 4-6-3 (Groundball, 34)
Top of the 3rd over - 0 runs, 1 hit, 0 errors, 0 left on base; Reading 1 - Wilmington 0
BOTTOM OF THE 3RD
Wilmington Rebels batting - Pitching for Reading Rainbows : RHP Coy Torres
Batting: RHB Mitchell Pate 0-0: Swinging Strike
0-1: Ball
1-1: Fly out, F7 (Line Drive, 7)
Batting: LHB Guillermo Santos 0-0: Ball
1-0: Swinging Strike
1-1: Foul Ball, location: 2F
1-2: Foul Ball, location: 2F
1-2: Foul Ball, location: 2F
1-2: Ground out 4-3 (Groundball, 4M)
Batting: LHB Marv Gardner 0-0: Called Strike
0-1: Fly out, F2 (Popup, 23F)
Bottom of the 3rd over - 0 runs, 0 hits, 0 errors, 0 left on base; Reading 1 - Wilmington 0
TOP OF THE 4TH
Reading Rainbows batting - Pitching for Wilmington Rebels : LHP Martín Marino
Batting: RHB Germán Romero 0-0: Ball
1-0: Fly out, F9 (Flyball, 9D)
Batting: RHB Ethan Moore 0-0: Ball
1-0: Ground out 6-3 (Groundball, 6M)
Batting: RHB Richard Case 0-0: Called Strike
0-1: Foul Ball, location: 2F
0-2: Ball
1-2: Strikes out swinging
Top of the 4th over - 0 runs, 0 hits, 0 errors, 0 left on base; Reading 1 - Wilmington 0
BOTTOM OF THE 4TH
Wilmington Rebels batting - Pitching for Reading Rainbows : RHP Coy Torres
Batting: LHB Juan Vásquez 0-0: Fly out, F5 (Popup, 56S)
Batting: RHB Sergio Moreno 0-0: DOUBLE (Line Drive, 7LM)
Batting: RHB Marlon Hernández 0-0: Fly out, F7 (Flyball, 7LM)
Batting: LHB Ivan Costello 0-0: Fly out, F5 (Popup, 5L)
Bottom of the 4th over - 0 runs, 1 hit, 0 errors, 1 left on base; Reading 1 - Wilmington 0
TOP OF THE 5TH
Reading Rainbows batting - Pitching for Wilmington Rebels : LHP Martín Marino
Batting: RHB Edmund Swanson 0-0: Called Strike
0-1: Ball
1-1: Foul Ball, location: 2F
1-2: Ball
2-2: Foul Ball, location: 2F
2-2: Ball
3-2: Foul Ball, location: 2F
3-2: SINGLE (Line Drive, 9S)
Batting: LHB Ryan Flynn 0-0: Ball
1-0: Foul Ball, location: 2F
1-1: Ball
2-1: SINGLE (Line Drive, 6D)
Edmund Swanson to second
Batting: RHB José Moreno 0-0: Foul Ball, location: 2F
0-1: Foul Ball, location: 2F
0-2: Strikes out swinging
Batting: LHB Dennis McConnell 0-0: Swinging Strike
0-1: Ball
1-1: Swinging Strike
1-2: Strikes out looking
Batting: SHB Travis Martin 0-0: Ball
1-0: Swinging Strike
1-1: SINGLE (Groundball, 4D)
Edmund Swanson to third
Ryan Flynn to second
Runner from 3rd tries for Home, SAFE, no throw
Batting: LHB Ramón Morán 0-0: DOUBLE (Line Drive, 78M)
Ryan Flynn scores
Travis Martin to third
Runner from 3rd tries for Home, SAFE, no throw
Batting: RHB Germán Romero 0-0: Called Strike
0-1: Foul Ball, location: 2F
0-2: Strikes out swinging
Top of the 5th over - 3 runs, 4 hits, 0 errors, 1 left on base; Reading 4 - Wilmington 0
BOTTOM OF THE 5TH
Wilmington Rebels batting - Pitching for Reading Rainbows : RHP Coy Torres
Batting: RHB Pedro Sandoval 0-0: Called Strike
0-1: Ball
1-1: Foul Ball, location: 2F
1-2: Ground out 6-3 (Groundball, 6)
Batting: RHB León Gómez 0-0: Foul Ball, location: 2F
0-1: SINGLE (Flyball, 9S)
Batting: RHB Mitchell Pate 0-0: Called Strike
0-1: Fly out, F4 (Popup, 4M)
Batting: LHB Guillermo Santos 0-0: SINGLE (Flyball, 89S)
León Gómez to second
Runner from 2nd tries for 3rd, SAFE, no throw
Batting: LHB Marv Gardner 0-0: Called Strike
0-1: Ball
1-1: Ball
Wild Pitch!
León Gómez scores
Guillermo Santos to second
2-1: Foul Ball, location: 2F
2-2: DOUBLE (Line Drive, 89D)
Guillermo Santos scores
Batting: LHB Juan Vásquez 0-0: Ball
1-0: Ball
2-0: Ball
3-0: Base on Balls
Batting: RHB Sergio Moreno 0-0: Ball
Wild Pitch!
Marv Gardner to third
Juan Vásquez to second
1-0: Ball
2-0: Ball
3-0: Base on Balls
Batting: RHB Marlon Hernández 0-0: Foul Ball, location: 2F
0-1: Ground out 3-1 (Groundball, 34S)
Bottom of the 5th over - 2 runs, 3 hits, 0 errors, 3 left on base; Reading 4 - Wilmington 2
TOP OF THE 6TH
Reading Rainbows batting - Pitching for Wilmington Rebels : LHP Martín Marino
Batting: RHB Ethan Moore 0-0: Ground out 3-1 (Groundball, 34S)
Batting: RHB Richard Case 0-0: Swinging Strike
0-1: Called Strike
0-2: Strikes out looking
Batting: RHB Edmund Swanson 0-0: SOLO HOME RUN (Flyball, 7LD), Distance : 367 ft
Batting: LHB Ryan Flynn 0-0: Ball
1-0: Foul Ball, location: 2F
1-1: Foul Ball, location: 2F
1-2: DOUBLE (Line Drive, 7LM)
Pitching: RHP Ramón Alaniz
Batting: RHB José Moreno 0-0: Ball
1-0: Ball
2-0: Called Strike
2-1: Ball
3-1: Foul Ball, location: 2F
3-2: Base on Balls
Batting: LHB Dennis McConnell 0-0: Ball
1-0: Foul Ball, location: 2F
1-1: Ball
2-1: Ball
3-1: Base on Balls
Ryan Flynn to third
José Moreno to second
Batting: SHB Travis Martin 0-0: Ground out 4-3 (Groundball, 4)
Top of the 6th over - 1 run, 2 hits, 0 errors, 3 left on base; Reading 5 - Wilmington 2
BOTTOM OF THE 6TH
Wilmington Rebels batting - Pitching for Reading Rainbows : RHP Coy Torres
Pitching: RHP Mario García
Batting: LHB Ivan Costello 0-0: Ball
1-0: Ground out 6-3 (Groundball, 6)
Batting: RHB Pedro Sandoval 0-0: Ball
1-0: Ball
2-0: Ball
3-0: Called Strike
3-1: Base on Balls
Batting: RHB León Gómez 0-0: Called Strike
0-1: Foul Ball, location: 2F
0-2: Fly out, F3 (Popup, 3)
Batting: RHB Mitchell Pate 0-0: Called Strike
0-1: Ball
1-1: Foul Ball, location: 2F
1-2: Ball
2-2: Foul Ball, location: 2F
2-2: Ball
3-2: Base on Balls
Pedro Sandoval to second
Batting: LHB Guillermo Santos 0-0: Called Strike
0-1: Ball
1-1: Fielders Choice at 2nd, 6-4 (Groundball, 6)
Bottom of the 6th over - 0 runs, 0 hits, 0 errors, 2 left on base; Reading 5 - Wilmington 2
TOP OF THE 7TH
Reading Rainbows batting - Pitching for Wilmington Rebels : RHP Ramón Alaniz
Batting: LHB Ramón Morán 0-0: Foul Ball, location: 2F
0-1: Called Strike
0-2: Strikes out looking
Batting: RHB Germán Romero 0-0: Ball
1-0: Called Strike
1-1: TRIPLE (Flyball, 9D)
Batting: RHB Ethan Moore 0-0: DOUBLE (Flyball, 89XD)
Germán Romero scores
Batting: RHB Richard Case 0-0: Ball
1-0: Ball
2-0: Foul Ball, location: 2F
2-1: Called Strike
2-2: Ground out 6-3 (Groundball, 56)
Batting: RHB Edmund Swanson 0-0: Ball
1-0: Ball
2-0: Ball
3-0: Base on Balls
Pitching: LHP Alan Baca
Batting: LHB Ryan Flynn 0-0: Ball
1-0: Swinging Strike
1-1: Called Strike
1-2: Strikes out looking
Top of the 7th over - 1 run, 2 hits, 0 errors, 2 left on base; Reading 6 - Wilmington 2
BOTTOM OF THE 7TH
Wilmington Rebels batting - Pitching for Reading Rainbows : RHP Mario García
Batting: LHB Marv Gardner 0-0: Foul Ball, location: 2F
0-1: Ground out U3 (Groundball, 3)
Batting: LHB Juan Vásquez 0-0: Called Strike
0-1: Ball
1-1: Called Strike
1-2: Ball
2-2: Foul Ball, location: 2F
2-2: Foul Ball, location: 2F
2-2: Ball
3-2: Base on Balls
Batting: RHB Sergio Moreno 0-0: Ball
1-0: Ball
2-0: SINGLE (Line Drive, 8LS)
Juan Vásquez to second
Runner from 2nd tries for 3rd, SAFE, throw made to third
Batting: RHB Marlon Hernández 0-0: Ball
1-0: Fly out, F9 (Flyball, 9D)
Runner from 3rd tags up, SCORES, no throw
Batting: LHB Ivan Costello 0-0: Fly out, F4 (Line Drive, 4)
Bottom of the 7th over - 1 run, 1 hit, 0 errors, 1 left on base; Reading 6 - Wilmington 3
TOP OF THE 8TH
Reading Rainbows batting - Pitching for Wilmington Rebels : LHP Alan Baca
Pitching: RHP Wayne Foster
Batting: RHB José Moreno 0-0: Ball
1-0: Foul Ball, location: 2F
1-1: Foul Ball, location: 2F
1-2: Foul Ball, location: 2F
1-2: Ball
2-2: Fly out, F7 (Flyball, 7)
Batting: LHB Dennis McConnell 0-0: Foul Ball, location: 2F
0-1: Ball
1-1: Foul Ball, location: 2F
1-2: Ball
2-2: Strikes out swinging
Batting: SHB Travis Martin 0-0: Called Strike
0-1: Ball
1-1: Called Strike
1-2: Ball
2-2: Ground out 3-1 (Groundball, 34)
Top of the 8th over - 0 runs, 0 hits, 0 errors, 0 left on base; Reading 6 - Wilmington 3
BOTTOM OF THE 8TH
Wilmington Rebels batting - Pitching for Reading Rainbows : RHP Mario García
Batting: RHB Pedro Sandoval 0-0: Called Strike
0-1: Swinging Strike
0-2: Foul Ball, location: 2F
0-2: Ball
1-2: Ball
2-2: Fly out, F8 (Line Drive, 78M)
Batting: RHB León Gómez 0-0: Foul Ball, location: 2F
0-1: Ground out 6-3 (Groundball, 6)
Batting: RHB Mitchell Pate 0-0: Called Strike
0-1: Ball
1-1: Foul Ball, location: 2F
1-2: Ball
2-2: Foul Ball, location: 2F
2-2: Foul Ball, location: 2F
2-2: DOUBLE (Line Drive, 9LS)
Batting: LHB Guillermo Santos 0-0: Ball
1-0: Ball
2-0: Foul Ball, location: 2F
2-1: Foul Ball, location: 2F
2-2: Foul Ball, location: 2F
2-2: Ground out 4-3 (Groundball, 4)
Bottom of the 8th over - 0 runs, 1 hit, 0 errors, 1 left on base; Reading 6 - Wilmington 3
TOP OF THE 9TH
Reading Rainbows batting - Pitching for Wilmington Rebels : RHP Wayne Foster
Batting: LHB Ramón Morán 0-0: Called Strike
0-1: Swinging Strike
0-2: Strikes out swinging
Batting: RHB Germán Romero 0-0: Ball
1-0: Foul Ball, location: 2F
1-1: Swinging Strike
1-2: Foul Ball, location: 2F
1-2: Strikes out looking
Batting: RHB Ethan Moore 0-0: Ball
1-0: Ground out 4-3 (Groundball, 34)
Top of the 9th over - 0 runs, 0 hits, 0 errors, 0 left on base; Reading 6 - Wilmington 3
BOTTOM OF THE 9TH
Wilmington Rebels batting - Pitching for Reading Rainbows : RHP Mario García
Batting: LHB Marv Gardner 0-0: Ball
1-0: Ball
2-0: Ball
3-0: Base on Balls
Batting: LHB Juan Vásquez 0-0: Ball
1-0: Called Strike
1-1: Ball
2-1: Foul Ball, location: 2F
2-2: Foul Ball, location: 2F
2-2: SINGLE (Line Drive, 4D)
Marv Gardner to second
Pitching: RHP Cory Powell
Batting: RHB Sergio Moreno 0-0: Called Strike
0-1: Called Strike
0-2: Ball
1-2: Ball
2-2: Ball
3-2: Base on Balls
Marv Gardner to third
Juan Vásquez to second
Batting: RHB Marlon Hernández 0-0: Called Strike
0-1: SINGLE (Line Drive, 78M)
Marv Gardner scores
Juan Vásquez to third
Sergio Moreno to second
Batting: LHB Ivan Costello 0-0: Foul Ball, location: 2F
0-1: Foul Ball, location: 2F
0-2: Strikes out swinging
Pinch Hitting: LHB Marv Alexander 0-0: Swinging Strike
0-1: Ball
1-1: SINGLE (Flyball, 6MD)
Juan Vásquez scores
Sergio Moreno to third
Marlon Hernández to second
Batting: RHB León Gómez 0-0: Called Strike
0-1: Ball
1-1: Swinging Strike
1-2: Ball
2-2: Foul Ball, location: 2F
2-2: Foul Ball, location: 2F
2-2: Strikes out swinging
Batting: RHB Mitchell Pate 0-0: Ball
1-0: Ball
2-0: Called Strike
2-1: SINGLE (Line Drive, 34)
Sergio Moreno scores
Marlon Hernández to third
Marv Alexander to second
Runner from 3rd tries for Home, SAFE, no throw
Saturday, December 16th, 2017 - OOTP Baseball 18.8 Build 76